 Dungeon Crawl Stone Soup version 0.21-a0-193-g085b6a0 (webtiles) character file.

102 rin1221 the Conjurer (level 4, 0/24 HPs)
             Began as a Deep Elf Conjurer on Aug 14, 2017.
             Slain by an orc
             ... wielding a +0 hand axe
              (6 damage)
             ... on level 3 of the Dungeon.
             The game lasted 00:05:10 (1749 turns).

rin1221 the Conjurer (Deep Elf Conjurer)            Turns: 1749, Time: 00:05:11

Health: 0/24       AC:  2    Str:  6    XL:     4   Next: 49%
Magic:  2/12       EV: 14    Int: 20    God:
Gold:   84         SH:  0    Dex: 15    Spells: 1/11 levels left

rFire    . . .     SeeInvis .   g - +0 dagger
rCold    . . .     Gourm    .   (no shield)
rNeg     . . .     Faith    .   a - +0 robe
rPois    .         Spirit   .   (no helmet)
rElec    .         Reflect  .   (no cloak)
rCorr    .         Harm     .   (no gloves)
MR       .....                  (no boots)
Stlth    ++........             (no amulet)
HPRegen  0.08/turn              (no ring)
MPRegen  0.13/turn              (no ring)

@: no status effects
A: no striking features
a: no special abilities


You were on level 3 of the Dungeon.
You were not hungry.

You visited 1 branch of the dungeon, and saw 3 of its levels.

You collected 84 gold pieces.

Inventory:

Hand Weapons
 g - a +0 dagger (weapon)
 r - a +2 quarterstaff of chaos
Missiles
 e - 88 arrows
 k - 71 stones (quivered)
 n - 13 poisoned needles
Armour
 a - a +0 robe (worn)
 s - a +2 cloak
Scrolls
 j - 4 scrolls of teleportation {unknown}
 l - a scroll of amnesia {unknown}
 m - a scroll of blinking {unknown}
 o - a scroll of fear {unknown}
 q - 2 scrolls of identify {unknown}
 t - a scroll of remove curse {unknown}
Potions
 d - a potion of curing {unknown}
Books
 b - a book of Conjurations

   Spells                             Type                      Level
   a - Magic Dart                     Conjuration                  1
   b - Searing Ray                    Conjuration                  2
   c - Dazzling Spray                 Conjuration/Hexes            3
   d - Fulminant Prism                Conjuration/Hexes            4
   e - Force Lance                    Conjuration/Translocation    4
   f - Iskenderun's Mystic Blast      Conjuration                  4
Comestibles
 c - 4 bread rations
 f - 2 meat rations
 h - 2 royal jellies
 i - a fruit
 p - 9 chunks of flesh


   Skills:
 * Level 4.0 Dodging
 - Level 2.4 Stealth
 * Level 4.0 Spellcasting
 + Level 5.1 Conjurations
 + Level 1.5 Hexes
 + Level 0.0 Translocations


You had one spell level left.
You knew the following spells:

 Your Spells              Type           Power        Failure   Level  Hunger
a - Magic Dart            Conj           ###.         1%          1    None
b - Searing Ray           Conj           ###...       2%          2    #......
c - Dazzling Spray        Conj/Hex       ###...       10%         3    ###....
d - Force Lance           Conj/Tloc      ##......     41%         4    ####...


Dungeon Overview and Level Annotations

Branches:
Dungeon (3/15)

Altars:
Nemelex Xobeh


Message History

The orc shouts!
The orc misses you. The orc hits you with a hand axe.
* * * LOW HITPOINT WARNING * * *
Casting: Searing Ray
Confirm with . or Enter, or press ? or * to list all spells.
Aiming: Searing Ray
Press: ? - help, Shift-Dir - straight line, f - orc
Aim: an orc, wielding a hand axe The searing ray hits the orc.
The orc is moderately wounded. (Press . to maintain the ray.)
The orc closely misses you.
The searing ray hits the orc.
The orc is severely wounded.
The searing ray misses the orc.
The searing ray hits the frilled lizard.
You kill the frilled lizard!
The orc hits you with a hand axe.
You die...

#....... #......
#..... #....
#... ###### #..
...>.. #.#
......# #@#
...... #o#
.....######.##
#####.......oo.#
.........(...o.#
.####..÷o..(...#
.......g(o.....#
.###.....#######
#....o#.#


You could see 4 orcs.

Vanquished Creatures
  Crazy Yiuf (D:2)
  2 adders (D:2)
  4 dart slugs
  2 worms (D:2)
  2 leopard geckos (D:2)
  2 orcs (D:3)
  3 giant cockroaches
  4 goblins
  5 hobgoblins
  3 bats
  A frilled lizard (D:3)
  5 kobolds
  6 rats
40 creatures vanquished.

Notes
Turn   | Place    | Note
-------+----------+-------------------------------------------
     0 | D:1      | rin1221 the Deep Elf Conjurer began the quest for the Orb.
     0 | D:1      | Reached XP level 1. HP: 10/10 MP: 6/6
   474 | D:1      | Reached XP level 2. HP: 15/15 MP: 6/8
   478 | D:1      | Learned a level 2 spell: Searing Ray
   885 | D:2      | Reached XP level 3. HP: 17/19 MP: 0/9
  1019 | D:2      | Learned a level 3 spell: Dazzling Spray
  1205 | D:2      | Reached skill level 5 in Conjurations
  1460 | D:2      | Found a sparkling altar of Nemelex Xobeh.
  1481 | D:2      | Reached skill level 1 in Hexes
  1537 | D:2      | Found a runed door.
  1541 | D:2      | Noticed Crazy Yiuf
  1545 | D:2      | Killed Crazy Yiuf
  1545 | D:2      | Reached XP level 4. HP: 24/24 MP: 5/11
  1604 | D:2      | Learned a level 4 spell: Force Lance
  1749 | D:3      | Slain by an orc

Vault maps used:
D:1:      kilobyte_arrival_exit_the_forest
D:2:      nicolae_overflow_hidden_temple, uniq_crazy_yiuf_cottage
D:3:      lemuel_upstairs_altar, minmay_goblin_outpost

Skill      XL: |  1  2  3  4 |
---------------+-------------+-----
Dodging        | 3 4 |  4.0
Conjurations   | 5 |  5.1
Hexes          | 1 |  1.5
Spellcasting   | 4 |  4.0
Stealth        | |  2.4

Action                   |  1- 3 |  4- 6 || total
-------------------------+-------+-------++-------
Melee: Unarmed           |     3 |       ||     3
       Dagger            |    15 |       ||    15
 Cast: Magic Dart        |    74 |     6 ||    80
       Searing Ray       |     1 |     2 ||     3
  Eat: Chunk             |     2 |       ||     2
Armor: Robe              |     6 |       ||     6
Dodge: Dodged            |    25 |     6 ||    31
